 Dungeon Crawl Stone Soup version 0.27-a0-1200-g94dc6ad4cf (webtiles) character file.

Game seed: 18423312286609513141

7919 deadmanwalking the Covert (level 11, -22/74 HPs)
             Began as a Vampire Delver on June 2, 2021.
             Was an Initiate of Kikubaaqudgha.
             Annihilated by a two-headed ogre
             ... wielding a +0 giant club
              (23 damage)
             ... on level 8 of the Dungeon.
             The game lasted 00:57:02 (12659 turns).

deadmanwalking the Covert (Vampire Delver)         Turns: 12659, Time: 00:57:02

Health: -22/74     AC: 12    Str: 13    XL:     11   Next: 3%
Magic:  16/21      EV: 12    Int: 21    God:    Kikubaaqudgha [......]
Gold:   600        SH:  0    Dex: 20    Spells: 8/23 levels left

rFire    . . .     SeeInvis +   a - +4 short sword of Fajer {vorpal, *Slow Int+4}
rCold    . . .     Faith    .   (no shield)
rNeg     . . .     Spirit   .   N - +5 leather armour of Palitun {rElec Str+2}
rPois    +         Reflect  .   D - +0 helmet
rElec    +         Harm     .   O - +0 cloak {Will+}
rCorr    .         Rampage  .   v - +1 pair of gloves
Will     ++...                  (no boots)
Stlth    +++++.....             (no amulet)
HPRegen  0.42/turn              H - ring "Moerghot" {Contam rElec rPois Dex+5}
MPRegen  0.17/turn              (no ring)

@: very slightly contaminated, healing quickly
A: alive, fangs 3, see invisible, vampiric 2
a: Exsanguinate, Renounce Religion


You were on level 8 of the Dungeon.
You worshipped Kikubaaqudgha.
Kikubaaqudgha was noncommittal.
You visited 2 branches of the dungeon, and saw 11 of its levels.

You collected 600 gold pieces.

Inventory:

Hand Weapons
 a - the +4 short sword of Fajer (weapon) {vorpal, *Slow Int+4}
   (You found it on level 5 of the Dungeon)

   It inflicts extra damage upon your enemies.
   It affects your intelligence (+4).
   It may slow you when you take damage.
 b - a +0 hunting sling of flaming
 j - a +0 falchion of flaming
 s - a +3 short sword of speed
Missiles
 h - 2 boomerangs
 i - 190 arrows
 k - 3 throwing nets
 m - a curare-tipped dart
 q - 162 stones
 y - 40 bolts
 A - 56 sling bullets
 L - 56 poisoned darts
Armour
 u - a +3 leather armour
 v - a +1 pair of gloves (worn)
 D - a +0 helmet (worn)
 K - +0 acid dragon scales
 N - the +5 leather armour of Palitun (worn) {rElec Str+2}
   (You found it on level 9 of the Dungeon)

   It affects your strength (+2).
   It insulates you from electricity.
 O - a +0 cloak of willpower (worn)
Jewellery
 H - the ring "Moerghot" (left hand) {Contam rElec rPois Dex+5}
   (You acquired it on level 7 of the Dungeon)

   [ring of poison resistance]

   It affects your dexterity (+5).
   It insulates you from electricity.
   It protects you from poison.
   It causes magical contamination when unequipped.
 M - a ring of wizardry
Wands
 g - a wand of digging (16)
 o - a wand of charming (2)
 E - a wand of mindburst (31)
Scrolls
 c - 2 scrolls of fog
 d - 4 scrolls of magic mapping
 e - a scroll of fear
 l - 5 scrolls of amnesia
 w - 2 scrolls of teleportation
 C - a scroll of identify
 G - 2 scrolls of enchant weapon
 I - a scroll of torment
 J - a scroll of summoning
Potions
 f - 4 potions of haste
 n - a potion of degeneration
 p - 6 potions of curing
 r - a potion of magic
 t - 2 potions of flight
 x - 3 potions of might
 z - 2 potions of heal wounds
 B - 2 potions of attraction
 F - a potion of mutation
 P - a potion of ambrosia


   Skills:
 - Level 2.6 Fighting
 + Level 8.7 Long Blades
 - Level 2.1 Dodging
 - Level 11.0 Stealth
 + Level 6.8 Spellcasting
 + Level 2.5 Conjurations
 + Level 5.0 Hexes
 + Level 8.1 Necromancy
 - Level 2.0 Translocations
 + Level 7.2 Transmutations


You had 8 spell levels left.
You knew the following spells:

 Your Spells              Type           Power      Damage    Failure   Level
a - Pain                  Necr           100%       1d9       1%          1
b - Vampiric Draining     Necr           20%        2d8       1%          3
c - Hydra Form            Tmut           18%        N/A       17%         5
d - Blink                 Tloc           N/A        N/A       8%          2
e - Fulminant Prism       Conj/Hex       11%        3d9       24%         4

Your spell library contained the following spells:

 Spells                   Type           Power      Damage    Failure   Level
 Animate Skeleton         Necr           82%        N/A       1%          1
 Beastly Appendage        Tmut           74%        N/A       1%          1
 Wereblood                Tmut           37%        N/A       1%          2
 Slow                     Hex            28%        N/A       2%          2
 Magic Dart               Conj           68%        1d6       4%          1
 Animate Dead             Necr           20%        N/A       4%          4
 Searing Ray              Conj           34%        3d4       6%          2
 Foxfire                  Conj/Fire      48%        2x1d6     7%          1
 Dazzling Flash           Conj/Hex       44%        N/A       8%          3
 Spider Form              Tmut/Pois      11%        N/A       8%          3
 Agony                    Necr           41%        N/A       11%         5
 Freeze                   Ice            28%        1d5       12%         1
 Inner Flame              Hex/Fire       17%        N/A       12%         3
 Call Imp                 Summ           7%         N/A       17%         2
 Conjure Flame            Conj/Fire      12%        6-21      21%         3
 Mephitic Cloud           Conj/Pois/Air  10%        N/A       24%         3
 Ice Form                 Ice/Tmut       22%        N/A       26%         4
 Frozen Ramparts          Ice            14%        1d3       34%         3
 Ozocubu's Armour         Ice            7%         N/A       34%         3
 Iskenderun's Mystic Bla  Conj/Tloc      16%        2d5       41%         4
 Hailstorm                Conj/Ice       12%        3d5       56%         4
 Sticky Flame             Conj/Fire      12%        2d4       56%         4
 Metabolic Englaciation   Hex/Ice        8%         N/A       75%         5
 Fireball                 Conj/Fire      6%         3d5       88%         5


Dungeon Overview and Level Annotations

Branches:
Dungeon (10/15)            Temple (1/1) D:5
   Lair: D:8-11         Orc: D:9-12

Altars:
Ashenzari
Cheibriados
Dithmenos
Elyvilon
Fedhas
Gozag
Hepliaklqana
Kikubaaqudgha
Makhleb
Okawaru
Qazlal
Ru
Sif Muna
Trog
Uskayaw
Vehumet
Wu Jian
Xom
Yredelemnul
Zin
The Shining One

Shops:
D:8 (

Annotations:
D:8 Joseph
D:9 2 transporters, IEatYoBabies's ghost, novice TrFi


Innate Abilities, Weirdness & Mutations

Your natural rate of healing is accelerated.
You have razor-sharp teeth.
You have supernaturally acute eyesight. (SInv)
You are afflicted with vampirism and can become a bat while bloodless.


Message History

The two-headed ogre hits you with a +0 giant club.
You climb upwards.
Level annotation: Joseph
There is a stone staircase leading down, spattered with blood here.
Casting: Blink (safe; 8% risk of failure)
Confirm with . or Enter, or press ? or * to list all spells.
You blink.
The two-headed ogre barely misses you.
The two-headed ogre hits you with a +0 giant club!!
Casting: Blink (safe; 8% risk of failure)
Confirm with . or Enter, or press ? or * to list all spells.
You blink.
The two-headed ogre hits you with a +0 giant club!
The two-headed ogre hits you with a +0 giant club.
Casting: Blink (safe; 8% risk of failure)
Confirm with . or Enter, or press ? or * to list all spells.
You blink.
Casting: Blink (safe; 8% risk of failure)
Confirm with . or Enter, or press ? or * to list all spells.
You blink.
Aiming: Mindburst
Press: ? - help, Shift-Dir - straight line, f - two-headed ogre
Aim: a two-headed ogre, wielding two +0 giant clubs (translocational energy, chance to affect: 48%)
The two-headed ogre resists with some effort.
Aiming: Mindburst
Press: ? - help, Shift-Dir - straight line, f/p - two-headed ogre
Aim: a two-headed ogre, wielding two +0 giant clubs (chance to affect: 48%)
The two-headed ogre resists with some effort.
The two-headed ogre hits you with a +0 giant club!!
The two-headed ogre hits you with a +0 giant club.
* * * LOW HITPOINT WARNING * * *
Casting: Blink (safe; 8% risk of failure)
Confirm with . or Enter, or press ? or * to list all spells.
You miscast Blink.
You are very lightly contaminated with residual magic.
Nothing appears to happen.
The two-headed ogre hits you with a +0 giant club!!
* * * LOW HITPOINT WARNING * * *
The two-headed ogre hits you with a +0 giant club!!
You die...
Kikubaaqudgha rasps: "You have failed me!
Welcome... death!"

#................#
##..........).....#
#.....>....[.....##
##................#
#.................#
#................##
##...............#
#........O......#
#.........@....##
#..............#
##............##
######
##...........#
.....##
##.........##
......## ##........#
†......###........##
###.....#..##..####
..##......####..##


You could see a two-headed ogre.

Vanquished Creatures
  A two-headed ogre (D:10)
  Maurice (D:9)
  A komodo dragon (D:10)
  Maggie (D:8)
  Sigmund (D:6)
  A wyvern (D:8)
  12 yaks
  The ghost of HilariousDeathArtist the Digger, an amateur BaEE of Makhleb (D:4)
  Menkaure (D:6)
  Edmund (D:6)
  A water moccasin (D:8)
  2 orc warriors
  Duvessa (D:6)
  3 ice beasts
  4 necrophages
  7 centaurs
  A kobold brigand (D:9)
  Blork the orc (D:4)
  5 bullfrogs
  A wyvern zombie (D:8)
  Dowan (D:6)
  2 water moccasin zombies
  A scorpion (D:4)
  6 killer bees
  A howler monkey (D:6)
  2 bullfrog zombies
  5 centaur zombies
  6 hounds
  A gnoll shaman (D:8)
  6 orc priests
  A centaur skeleton (D:4)
  3 iguanas
  6 orc wizards
  A killer bee zombie (D:7)
  2 howler monkey zombies
  7 gnolls
  10 adders
  A white imp (D:7)
  2 adder skeletons (D:4)
  2 worms (D:2)
  2 dart slugs
  22 orcs
  6 ball pythons
  3 bats
  7 endoplasms
  2 giant cockroaches
  4 goblins
  9 hobgoblins
  6 jackals
  7 kobolds
  4 quokkas
  2 rats
187 creatures vanquished.

Vanquished Creatures (others)
  2 yaks
  An orc wizard (D:5)
  5 toadstools (D:1)
8 creatures vanquished.

Grand Total: 195 creatures vanquished

Notes
Turn   | Place    | Note
-------+----------+-------------------------------------------
     0 | D:5      | deadmanwalking the Vampire Delver began the quest for the
                  | Orb.
     0 | D:5      | Reached XP level 1. HP: 17/17 MP: 1/1
    21 | D:5      | Identified the +4 short sword of Fajer {vorpal, *Slow
                  | Int+4}
    91 | D:5      | Noticed a necrophage
    96 | D:5      | Killed a necrophage
    97 | D:5      | Reached skill level 8 in Stealth
    97 | D:5      | Reached XP level 2. HP: 11/23 MP: 2/2
    97 | D:5      | Gained mutation: You are afflicted with vampirism and can
                  | become a bat while bloodless. [Vampire growth]
    97 | D:5      | Reached XP level 3. HP: 13/28 MP: 3/3
    97 | D:5      | Reached XP level 4. HP: 16/34 MP: 4/4
   212 | D:4      | Noticed a centaur
   266 | D:5      | Noticed a necrophage
   268 | D:5      | Noticed a necrophage
   285 | D:5      | Killed a necrophage
   286 | D:5      | Reached skill level 9 in Stealth
   286 | D:5      | Reached XP level 5. HP: 32/39 MP: 5/5
   304 | D:5      | Learned a level 1 spell: Pain
   364 | D:5      | Found a staircase to the Ecumenical Temple.
   499 | D:5      | Killed a necrophage
   500 | D:5      | Reached skill level 1 in Spellcasting
   500 | D:5      | Reached skill level 1 in Necromancy
   500 | D:5      | Reached XP level 6. HP: 25/46 MP: 5/7
   504 | D:5      | Learned a level 3 spell: Vampiric Draining
   611 | D:6      | Noticed Sigmund
   614 | D:6      | Killed Sigmund
   615 | D:6      | Reached skill level 10 in Stealth
   635 | D:6      | Reached skill level 5 in Long Blades
   635 | D:6      | Reached XP level 7. HP: 51/51 MP: 10/10
   671 | D:6      | Noticed Duvessa
   674 | D:6      | Killed Duvessa
   675 | D:6      | Noticed Dowan
   704 | Temple   | Entered the Ecumenical Temple
  1629 | D:4      | Noticed Blork the orc
  1780 | D:4      | Found a transporter.
  2409 | D:1      | Learned a level 5 spell: Hydra Form
  2507 | D:1      | Found a faded altar of an unknown god.
  3754 | D:3      | Reached XP level 8. HP: 57/57 MP: 12/12
  4326 | D:4      | Found a hazy altar of Hepliaklqana.
  4415 | D:4      | Found a bloodstained altar of Trog.
  4425 | D:4      | Found a transporter.
  4425 | D:4      | Noticed HilariousDeathArtist's ghost (amateur BaEE)
  4438 | D:4      | Reached skill level 11 in Stealth
  4438 | D:4      | Reached skill level 1 in Transmutations
  6046 | D:6      | Noticed Edmund
  6080 | D:6      | Killed Edmund
  6081 | D:6      | Reached skill level 5 in Necromancy
  6428 | D:6      | Reached XP level 9. HP: 45/62 MP: 8/15
  6487 | D:6      | Noticed Menkaure
  6489 | D:6      | Found a shadowy altar of Dithmenos.
  6506 | D:6      | Killed Menkaure
  6839 | D:6      | Killed Dowan
  7171 | D:7      | Reached skill level 5 in Spellcasting
  7275 | D:7      | Learned a level 2 spell: Blink
  7340 | D:7      | Identified a scroll of acquirement
  7340 | D:7      | Acquired the ring "Moerghot" {Contam rElec rPois Dex+5}
  7697 | D:8      | Found Naroen's Weapon Boutique.
  8127 | D:8      | Reached skill level 1 in Translocations
  8127 | D:8      | Reached skill level 5 in Transmutations
  8436 | D:8      | Noticed Maggie
  8448 | D:8      | Killed Maggie
  8519 | D:8      | Noticed Joseph
  8676 | D:8      | Reached XP level 10. HP: 53/68 MP: 5/18
  8861 | D:8      | Learned a level 4 spell: Fulminant Prism
  9009 | D:8      | Found an opulent altar of Gozag.
  9076 | D:8      | Reached skill level 1 in Hexes
  9726 | D:9      | Noticed Maurice
  9750 | D:8      | HP: 1/68 [killer bee (7)]
 10116 | D:9      | Reached skill level 1 in Conjurations
 10177 | D:9      | Identified the +5 leather armour of Palitun {rElec Str+2}
 10207 | D:9      | Found an ancient bone altar of Kikubaaqudgha.
 10214 | D:9      | Became a worshipper of Kikubaaqudgha
 10294 | D:9      | Noticed a two-headed ogre
 10298 | D:9      | Found a transporter.
 10298 | D:9      | Noticed IEatYoBabies's ghost (novice TrFi)
 10298 | D:9      | Noticed a centaur warrior
 10298 | D:9      | Noticed a rakshasa
 10302 | D:9      | Found a transporter.
 10671 | D:9      | Found a sacrificial altar of Ru.
 10980 | D:9      | Killed Maurice
 11136 | D:10     | Entered Level 10 of the Dungeon
 11160 | D:10     | Found an ornate altar of the Wu Jian Council.
 11205 | D:10     | Found a snail-covered altar of Cheibriados.
 11380 | D:4      | Killed Blork the orc
 11452 | D:4      | Killed HilariousDeathArtist's ghost
 11960 | D:10     | Noticed a two-headed ogre
 11970 | D:10     | Killed a two-headed ogre
 12085 | D:10     | Found a broken altar of Ashenzari.
 12261 | D:10     | Noticed a two-headed ogre
 12437 | D:10     | Reached XP level 11. HP: 51/74 MP: 5/21
 12550 | D:10     | Noticed a two-headed ogre
 12571 | D:10     | Reached skill level 5 in Hexes
 12659 | D:8      | HP: 1/74 [two-headed ogre/+0 giant club (18)]
 12659 | D:8      | Annihilated by a two-headed ogre

Illustrated notes

Levels and vault maps discovered:
D:1:      ldierk_walled_garden, layout_rooms,
          hellmonk_ecumenical_altar_arch_garden
D:2:      minmay_wonky_spiral, layout_loops_ring, serial_aquarium,
          aquarium_bridge_long_separate [aquarium_subvault_bridge,
          aquarium_subvault_bridge, aquarium_subvault_wall,
          aquarium_subvault_wall, aquarium_subvault_bridge,
          aquarium_subvault_wall], aquarium_window_1, aquarium_window_1,
          aquarium_view_2c, chequers_mini_garden, minmay_misc_feat_iff
D:3:      layout_basic, hangedman_decor_clover_reticule,
          kennysheep_big_empty_room
D:4:      layout_basic, trog_three_pillars_becter,
          nicolae_overflow_crystal_walls, gammafunk_ghost_mausoleum,
          corexii_corridor_pit, uniq_blork_the_orc
D:5:      layout_basic, minmay_temple_entry_from_below_a
D:6:      layout_loops_ring, kennysheep_mini_moat, uniq_duvessa, uniq_sigmund,
          uniq_menkaure, uniq_edmund
D:7:      layout_basic
D:8:      layout_cave_pods, nicolae_gozag_cash_rules_everything_around_me,
          serial_shops, nicolae_shop_temple_entry_statues_fountains,
          minmay_bent, uniq_joseph, uniq_maggie
D:9:      wander_river, layout_basic, kiku_gazebo_pond_becter,
          general_overflow_altar, gammafunk_ghost_arena, uniq_maurice
D:10:     layout_basic, nemelex_diamond_rough_becter,
          lemuel_coloured_pillars_altar, nicolae_wu_jian_wuxing_cycle,
          kennysheep_slug_shrine, serial_shops, nicolae_shop_waterfront,
          grunt_decor_resistance, hangedman_decor_lopped,
          minmay_increasing_density
Temple:   hc_temple_tempest_star

Skill      XL: |  1  2  3  4  5  6  7  8  9 10 11 |
---------------+----------------------------------+-----
Long Blades    | 3 4 5 6 7 8 |  8.7
Stealth        | 8 9 10 11 | 11.0
Spellcasting   | 1 2 3 4 5 6 |  6.8
Necromancy     | 1 2 3 5 6 8 |  8.1
Transmutations | 3 5 7 |  7.2
Translocations | 2 |  2.0
Hexes          | 4 5 |  5.0
Conjurations   | 2 |  2.5
Fighting       | |  2.6
Dodging        | |  2.1

Action                   |  1- 3 |  4- 6 |  7- 9 | 10-12 || total
-------------------------+-------+-------+-------+-------++-------
Melee: Short sword       |     4 |    47 |   378 |   148 ||   577
       Bite              |       |    14 |    31 |    27 ||    72
Throw: Dart              |       |       |     1 |     3 ||     4
       Boomerang         |       |       |     3 |       ||     3
 Cast: Vampiric Draining |       |       |    50 |    60 ||   110
       Pain              |       |       |    12 |     1 ||    13
       Blink             |       |       |       |     8 ||     8
Evoke: Wand              |       |       |    12 |    24 ||    36
  Use: Scroll            |       |       |    14 |     5 ||    19
       Potion            |       |       |     2 |     4 ||     6
 Stab: Sleeping          |     1 |     3 |    31 |     2 ||    37
       Distracted        |       |       |     1 |       ||     1
       Paralysed         |       |       |     2 |     1 ||     3
Armor: Leather armour    |     1 |     8 |   141 |   104 ||   254
Dodge: Dodged            |     1 |    23 |   234 |   147 ||   405

Table legend: (Time is in decaauts)
 A = Elapsed time spent in this place.
 B = Non-inter-level travel time spent in this place.
 C = Inter-level travel time spent in this place.
 D = Time resting spent in this place.
 E = Time spent auto-exploring this place.
 F = Levels seen in this place.
 G = Mean time per level.
                   A        B        C        D        E       F      G
               +--------+--------+--------+--------+--------+-----+--------+
         Total |  12636 |  11450 |   1186 |    662 |   7588 |  11 | 1148.7 |
       Dungeon |  12303 |  11147 |   1156 |    662 |   7286 |  10 | 1230.3 |
        Temple |    333 |    303 |     30 |      0 |    301 |   1 |  333.0 |
               +--------+--------+--------+--------+--------+-----+--------+

Top non-repeatable levels by time:
     D:8: 2027 daAuts
     D:5: 1715 daAuts
     D:4: 1576 daAuts
     D:9: 1318 daAuts
     D:6: 1136 daAuts
     D:7: 1118 daAuts
     D:2: 974 daAuts
    D:10: 898 daAuts
     D:3: 809 daAuts
     D:1: 726 daAuts
  Temple: 333 daAuts
